 Dungeon Crawl Stone Soup version 0.29-a0-676-ga64570c9d2 (webtiles) character file.

Game seed: 12034342841268068661

26951 ders the Eclecticist (level 13, -18/76 HPs)
             Began as a Djinni Conjurer on June 24, 2022.
             Was a Priest of Ashenzari.
             Demolished by a boulder beetle (55 damage)
             ... on level 5 of the Lair of Beasts.
             The game lasted 00:20:45 (16974 turns).

ders the Eclecticist (Djinni Conjurer)             Turns: 16974, Time: 00:20:46

Health: -18/76     AC:  9    Str:  6    XL:     13   Next: 62%
Gold:   965        EV: 17    Int: 27    God:    Ashenzari [***...] SH:  0 Dex: 19

rFire   + + .      SeeInvis +   r - staff of air (curse) {Self, Range}
rCold   x . .      Faith    .   (no shield)
rNeg    . . .      Spirit   .   H - +0 troll leather armour
rPois   ∞          Reflect  .   I - +2 hat of Supernal Knowledge {Int+3, Melee, Fort} (curse)
rElec   +          Harm     .   q - +1 cloak of the Enlightened Loss {Melee, Self} (curse)
rCorr   .          Rampage  .   P - +0 pair of gloves of the Cosmic Seer {Cun, Self} (curse)
Will    +....      Clarity  +   (boots unavailable)
Stlth   ++........              (no amulet)
HPRegen 1.02/turn               d - +4 ring of evasion
MPRegen 0.00/turn               S - +6 ring of dexterity

@: flying, studying Bows
A: sickness immunity, fire resistance 2, cold vulnerability 1, float, innate
caster, HP casting, extra vitality 1
a: Renounce Religion, Shatter the Chains


You were on level 5 of the Lair of Beasts.
You worshipped Ashenzari.
Ashenzari was most pleased with you.
You visited 3 branches of the dungeon, and saw 17 of its levels.

You collected 1080 gold pieces.
You spent 115 gold pieces at shops.

Inventory:

Missiles
 s - 2 throwing nets
Armour
 a - a +0 robe
 q - the cursed +1 cloak of the Enlightened Loss (worn) {Melee, Self}
   (You found it on level 3 of the Dungeon)

   It has a curse which improves the following skills: Melee Combat: Short
   Blades, Long Blades, Axes, Maces & Flails, Polearms, Staves and Unarmed
   Combat.
   Introspection: Fighting and Spellcasting.
 y - a +0 helmet
 H - a +0 troll leather armour (worn)
 I - the cursed +2 hat of Supernal Knowledge (worn) {Int+3, Melee, Fort}
   (You took it off Gastronok on level 9 of the Dungeon)

   It has a curse which improves the following skills: Melee Combat: Short
   Blades, Long Blades, Axes, Maces & Flails, Polearms, Staves and Unarmed
   Combat.
   Fortitude: Armour and Shields.
 P - the cursed +0 pair of gloves of the Cosmic Seer (worn) {Cun, Self}
   (You found it on level 1 of the Lair of Beasts)

   It has a curse which improves the following skills: Cunning: Dodging and
   Stealth.
   Introspection: Fighting and Spellcasting.
Magical Staves
 r - a cursed staff of air (weapon) {Self, Range}
Jewellery
 d - a +4 ring of evasion (left hand)
 g - a +6 ring of strength
 i - a ring of fire
 D - a +4 ring of protection
 G - a +6 ring of strength
 N - a +6 ring of strength
 S - a +6 ring of dexterity (right hand)
 T - a ring of protection from fire
Wands
 B - a wand of flame (26)
 J - a wand of iceblast (3)
 K - a wand of light (9)
 L - a wand of mindburst (12)
 M - a wand of charming (22)
Scrolls
 b - 2 scrolls of silence
 f - 4 scrolls of enchant weapon
 h - 10 scrolls of identify
 k - 2 scrolls of vulnerability
 l - 3 scrolls of magic mapping
 A - 3 scrolls of teleportation
 E - a scroll of fear
 F - a scroll of immolation
 O - 2 scrolls of amnesia
 Q - a scroll of brand weapon
 R - 4 scrolls of poison
 U - a scroll of enchant armour
Potions
 c - 2 potions of degeneration
 e - a potion of cancellation
 j - 2 potions of haste
 m - 3 potions of brilliance
 n - 3 potions of resistance
 o - 2 potions of ambrosia
 p - a potion of flight
 t - 4 potions of might
 u - a potion of attraction
 v - 6 potions of curing
 w - a potion of mutation
 x - 3 potions of heal wounds
 z - a potion of invisibility
 C - 4 potions of lignification


   Skills:
 - Level 2.1(3.4) Dodging
 - Level 1.5(2.7) Stealth
 + Level 17.1(20.2) Spellcasting


You had 19 spell levels left.
You knew the following spells:

 Your Spells              Type           Power      Damage    Failure   Level
a - Magic Dart            Conj           100%       1d8       0%          1
b - Airstrike             Air            58%        N/A       0%          4
c - Dazzling Flash        Conj/Hex       100%       N/A       0%          3
d - Fulminant Prism       Conj/Hex       47%        3d21      0%          4
e - Iskenderun's Mystic   Conj/Tloc      94%        2d18      0%          4
f - Freeze                Ice            100%       1d11      0%          1
g - Ensorcelled Hibernat  Hex/Ice        100%       N/A       0%          2
h - Mephitic Cloud        Conj/Pois/Air  100%       N/A       0%          3
i - Searing Ray           Conj           100%       2d8       0%          2
j - Petrify               Tmut/Erth      94%        N/A       0%          4
k - Silence               Hex/Air        58%        N/A       0%          5
Your spell library was empty.

Dungeon Overview and Level Annotations

Branches:
Dungeon (11/15)            Temple (1/1) D:4            Lair (5/6) D:11
 Shoals (0/4) Lair:2        Snake (0/4) Lair:2
  Slime: Lair:5-6       Orc: D:9-12

Altars:
Ashenzari
Cheibriados
Dithmenos
Elyvilon
Fedhas
Gozag
Hepliaklqana
Kikubaaqudgha
Makhleb
Nemelex Xobeh
Okawaru
Qazlal
Ru
Sif Muna
Trog
Uskayaw
Vehumet
Wu Jian
Xom
Yredelemnul
Zin
The Shining One

Shops:
D:1 *   D:5 *   D:8 !*(?

Annotations:
Lair:2 3 runed translucent doors, HuGe's ghost, journeyman MiBe


Innate Abilities, Weirdness & Mutations

You are immune to sickness and miasma.
You are immune to poison.
Your flesh is very heat resistant. (rF++)
You are vulnerable to cold. (rC-)
You float through the air rather than walking.
You learn spells naturally, not from books.
Your magical power is your life essence.
You have superior vitality. (+4 MHP)


Message History

Unknown command.
Casting: Airstrike (safe; 0% risk of failure)
Confirm with . or Enter, or press ? or * to list all spells.
Aiming: Airstrike (safe; 0% risk of failure)
Press: ? - help, Dir - move target, f/p - boulder beetle
Aim: a boulder beetle (lightly wounded, rolling, empty space bonus: 8/8)
You feel a surge of power!
The air twists around and strikes the boulder beetle!!
The boulder beetle is moderately wounded.
Unknown command.
Casting: Airstrike (safe; 0% risk of failure)
Confirm with . or Enter, or press ? or * to list all spells.
Aiming: Airstrike (safe; 0% risk of failure)
Press: ? - help, Dir - move target, f/p - boulder beetle
Aim: a boulder beetle (moderately wounded, rolling, empty space bonus: 8/8)
You feel a surge of power!
The air twists around and strikes the boulder beetle!!
The boulder beetle is severely wounded.
Unknown command.
Casting: Airstrike (safe; 0% risk of failure)
Confirm with . or Enter, or press ? or * to list all spells.
Aiming: Airstrike (safe; 0% risk of failure)
Press: ? - help, Dir - move target, f/p - boulder beetle
Aim: a boulder beetle (severely wounded, rolling, empty space bonus: 6/8)
You feel a surge of power!
The air twists around and strikes the boulder beetle.
The boulder beetle is severely wounded.
Unknown command.
Casting: Airstrike (safe; 0% risk of failure)
Confirm with . or Enter, or press ? or * to list all spells.
You can't see any susceptible monsters within range! (Use Z to cast anyway.)
Casting: Airstrike (safe; 0% risk of failure)
Confirm with . or Enter, or press ? or * to list all spells.
Aiming: Fulminant Prism (safe; 0% risk of failure)
Press: ? - help, Dir - move target, p - boulder beetle You conjure a prism of explosive energy!
A fulminant prism comes into view.
The boulder beetle hits you!!!
Ouch! That really hurt!
You die...

, * , ,.....,
..... , ,
.#.#.## ,
.......### ,
,
...........#
......#P...##
.....°≈≈..#.#
, ,
,.....#°○#@.#
.....#≈#B..#
.........†##
, ,
........*..#
,
.........<.#
,
.........†.#
,
...=.......#
,
...........#
,
..........##


You could see a boulder beetle (rolling, ally target) and a friendly fulminant
prism.

Vanquished Creatures
  Gastronok (D:9)
  2 catoblepae
  A boulder beetle (Lair:2)
  Erica (D:8)
  A two-headed ogre (D:9)
  A death yak (Lair:3)
  Pikel (D:5)
  A necromancer (Lair:3)
  A cyclops (D:11)
  A torpor snail (Lair:3)
  A black mamba (Lair:4)
  6 cane toads
  Maggie (D:8)
  8 komodo dragons
  A rime drake (Lair:2)
  4 trolls
  2 hornets
  2 polar bears
  Prince Ribbit (D:7)
  12 blink frogs
  2 dream sheep (Lair:5)
  A shadow (D:9)
  2 vampires
  6 wyverns
  25 yaks
  Grum (D:9)
  Menkaure (D:6)
  2 steam dragons (D:7)
  2 nagas (Lair:2)
  4 water moccasins
  2 acid dragons
  An ice beast (D:5)
  4 orc warriors
  2 sky beasts
  2 black bears
  2 elephant zombies (Lair:3)
  6 wolves
  7 centaurs
  3 phantoms
  4 kobold brigands
  2 komodo dragon zombies (Lair:3)
  15 bullfrogs
  A gnoll sergeant (D:9)
  6 scorpions
  8 killer bees
  2 howler monkeys
  8 electric eels
  2 jellies
  3 orc priests
  7 hounds
  4 iguanas
  7 orc wizards
  4 gnolls (D:9)
  5 adders
  2 shadow imps
  2 white imps
  An ufetubus (D:5)
  4 worms
  4 dart slugs
  17 orcs
  5 bats
  11 endoplasms
  5 giant cockroaches
  3 goblins
  8 hobgoblins
  8 jackals
  4 quokkas
  11 ball pythons
  5 frilled lizards
  26 kobolds
  A rat (D:3)
  A butterfly (D:4)
320 creatures vanquished.

Vanquished Creatures (others)
  40 fulminant prisms
  17 fungi
  25 plants
82 creatures vanquished.

Grand Total: 402 creatures vanquished

Notes
Turn   | Place    | Note
-------+----------+-------------------------------------------
     0 | D:1      | ders the Djinni Conjurer began the quest for the Orb.
     0 | D:1      | ders set off with the following spells memorised: Magic
                  | Dart, Searing Ray, Dazzling Flash, Fulminant Prism,
                  | Iskenderun's Mystic Blast.
     0 | D:1      | Reached XP level 1. HP: 15/15 MP: 0/0
   220 | D:1      | Reached XP level 2. HP: 18/21 MP: 0/0
   395 | D:1      | Found Juisa's General Store.
   537 | D:1      | Reached XP level 3. HP: 15/25 MP: 0/0
   537 | D:1      | Learned a level 1 spell: Freeze
   793 | D:1      | Reached skill level 4 in Spellcasting
  1152 | D:2      | Reached XP level 4. HP: 20/31 MP: 0/0
  1975 | D:2      | Found a faded altar of an unknown god.
  2585 | D:3      | Reached XP level 5. HP: 31/35 MP: 0/0
  2585 | D:3      | Learned a level 2 spell: Ensorcelled Hibernation
  2688 | D:3      | Reached skill level 5 in Spellcasting
  2993 | D:1      | Bought a potion of heal wounds for 50 gold pieces
  3230 | D:4      | Found a snail-covered altar of Cheibriados.
  3395 | D:4      | Reached XP level 6. HP: 34/40 MP: 0/0
  4096 | D:4      | Found a staircase to the Ecumenical Temple.
  4106 | Temple   | Entered the Ecumenical Temple
  4539 | Temple   | Became a worshipper of Ashenzari the Shackled
  4669 | D:4      | Noticed a hornet
  4678 | D:4      | Killed a hornet
  4679 | D:4      | Reached skill level 6 in Spellcasting
  4679 | D:4      | Reached XP level 7. HP: 15/45 MP: 0/0
  4679 | D:4      | Learned a level 3 spell: Mephitic Cloud
  5191 | D:5      | Entered Level 5 of the Dungeon
  5206 | D:5      | Found Nyiruaps's Assorted Antiques.
  5492 | D:5      | Reached skill level 7 in Spellcasting
  5692 | D:5      | Noticed a komodo dragon
  5710 | D:5      | Killed a komodo dragon
  5711 | D:5      | Reached XP level 8. HP: 13/50 MP: 0/0
  6021 | D:5      | Reached skill level 8 in Spellcasting
  6582 | D:5      | Reached XP level 9. HP: 46/55 MP: 0/0
  6582 | D:5      | Learned a level 4 spell: Airstrike
  6634 | D:5      | Noticed Pikel
  6640 | D:5      | Killed Pikel
  6641 | D:5      | Reached skill level 9 in Spellcasting
  7791 | D:6      | Reached skill level 10 in Spellcasting
  8310 | D:6      | Noticed Menkaure
  8313 | D:6      | Killed Menkaure
  8474 | D:6      | Reached * piety under Ashenzari
  8474 | D:6      | Identified a scroll of acquirement
  8672 | D:6      | Acquired a staff of air
  8732 | D:7      | Noticed a hornet
  8735 | D:7      | Killed a hornet
  8773 | D:7      | Reached XP level 10. HP: 47/60 MP: 0/0
  9088 | D:7      | Reached skill level 11 in Spellcasting
  9245 | D:7      | Noticed Prince Ribbit
  9248 | D:7      | Killed Prince Ribbit
 10312 | D:8      | Identified the +5 quarterstaff of Traps {freeze, rF+ rN+
                  | Int+2}
 10343 | D:8      | Found Varchaj's Antique Weapon Shop.
 10361 | D:8      | Noticed Maggie
 10365 | D:8      | Killed Maggie
 10366 | D:8      | Reached skill level 12 in Spellcasting
 10525 | D:8      | Found Qugob's Magic Scroll Boutique.
 10602 | D:8      | Noticed Erica
 10607 | D:8      | Killed Erica
 10712 | D:8      | Reached XP level 11. HP: 51/65 MP: 0/0
 10712 | D:8      | Learned a level 4 spell: Petrify
 10880 | D:8      | Found Dawnorgh's General Store.
 10885 | D:8      | Bought a potion of heal wounds for 65 gold pieces
 10910 | D:8      | Found Kiotakhla's Distillery.
 11316 | D:9      | Noticed a two-headed ogre
 11325 | D:9      | Reached skill level 13 in Spellcasting
 11325 | D:9      | Killed a two-headed ogre
 11328 | D:9      | Noticed Grum
 11331 | D:9      | Killed Grum
 11574 | D:9      | Noticed Gastronok
 11582 | D:9      | Killed Gastronok
 12070 | D:10     | Entered Level 10 of the Dungeon
 12329 | D:10     | Reached skill level 14 in Spellcasting
 12849 | D:11     | Noticed a cyclops
 12853 | D:11     | Killed a cyclops
 12857 | D:11     | Reached XP level 12. HP: 47/70 MP: 0/0
 12900 | D:11     | Identified the +1 scythe "ETAOIN SHRDLU" {flame, rElec rN+}
 13180 | D:11     | Found a staircase to the Lair.
 13190 | Lair:1   | Entered Level 1 of the Lair of Beasts
 13786 | Lair:1   | Reached skill level 15 in Spellcasting
 14361 | Lair:2   | Found a runed translucent gate.
 14362 | Lair:2   | Found a runed translucent gate.
 14363 | Lair:2   | Found a runed translucent gate.
 14364 | Lair:2   | Noticed HuGe's ghost (journeyman MiBe)
 14474 | Lair:2   | Found a staircase to the Snake Pit.
 14752 | Lair:2   | Noticed a boulder beetle
 14763 | Lair:2   | Killed a boulder beetle
 14839 | Lair:2   | Found a staircase to the Shoals.
 15094 | Lair:3   | Found an ornate altar of the Wu Jian Council.
 15322 | Lair:3   | Noticed a death yak
 15340 | Lair:3   | Reached XP level 13. HP: 19/75 MP: 0/0
 15340 | Lair:3   | Learned a level 5 spell: Silence
 15341 | Lair:3   | Noticed a catoblepas
 15342 | Lair:3   | Reached skill level 16 in Spellcasting
 15482 | Lair:3   | Killed a catoblepas
 15627 | Lair:3   | Reached ** piety under Ashenzari
 16500 | Lair:4   | Noticed a catoblepas
 16507 | Lair:4   | Killed a catoblepas
 16643 | Lair:4   | Reached skill level 17 in Spellcasting
 16968 | Lair:5   | Reached *** piety under Ashenzari
 16969 | Lair:5   | Noticed a boulder beetle
 16974 | Lair:5   | Demolished by a boulder beetle

Illustrated notes

Levels and vault maps discovered:
D:1:      shiori_arrival_maze, layout_rooms, serial_shops, shop_statue
D:2:      layout_loops_cross, shapermc_ecumenical_altar_acropolis,
          serial_aquarium, aquarium_bridge_straight [aquarium_subvault_bridge,
          aquarium_subvault_wall, aquarium_subvault_bridge,
          aquarium_subvault_window], aquarium_window_corridor_3,
          aquarium_window_fake, aquarium_window_1, aquarium_view_2c,
          aquarium_balcony_3b, aquarium_pool_1, corexii_shack
D:3:      layout_loops_cross, minmay_misc_feat_doors, minmay_pentangle
D:4:      layout_basic, nicolae_overflow_hidden_temple,
          minmay_temple_entry_butterflies, cheibrodos_sewer_entry_sluice,
          minmay_fractal_squares_gapless_5
D:5:      black_bear_nest_2, layout_basic, serial_shops, shop, uniq_pikel
D:6:      mumra_celtic_spiral_tile, layout_loops_corners, uniq_menkaure
D:7:      layout_cave_pools, serial_glass, glass_columns_c, glass_columns_a,
          nicolae_concentric_dashed_squares_wild, uniq_prince_ribbit1
D:8:      layout_rooms, serial_shops, kennysheep_little_box, shop,
          nicolae_shop_waterfront, shop, uniq_erica, uniq_maggie
D:9:      layout_irregular_city, uniq_gastronok, uniq_grum
D:10:     layout_irregular_city, grunt_decor_one_mirror
D:11:     layout_stronghold, grunt_lair_entry_orc_guard_hut,
          minmay_tree_intersection
Temple:   mainiacjoe_temple_big_plus
Lair:1:   layout_cave_pods
Lair:2:   layout_long_grid, elwin_shoals_entry_rooms,
          guppyfry_snake_entry_island, ebering_ghost_rock_garden,
          serial_bayou_pond_a, st_stairs_6, serial_bayou_pond_d,
          infiniplex_staircase_pool, serial_bayou_shore_b
Lair:3:   pond_and_an_island_with_a_cottage, layout_layer_cave, basic_altar,
          serial_bayou_shore_a, lemuel_fruit_fields
Lair:4:   layout_regular_city
Lair:5:   beast_lair_carwin_large_1, layout_gridlike, serial_bayou_pond_c,
          hangedman_lair_generics_rect

Skill      XL: |  1  2  3  4  5  6  7  8  9 10 11 12 13 |
---------------+----------------------------------------+-----
Spellcasting   | 4 5 6 7 8 10 12 14 15 17 | 17.1
Dodging        | |  2.1
Stealth        | |  1.5

Action                   |  1- 3 |  4- 6 |  7- 9 | 10-12 | 13-15 || total
-------------------------+-------+-------+-------+-------+-------++-------
Melee: Unarmed           |       |     1 |       |       |       ||     1
       Staff             |       |       |       |     1 |       ||     1
 Cast: Magic Dart        |    65 |    72 |    15 |    10 |       ||   162
       Searing Ray       |       |    25 |    44 |       |       ||    69
       Iskenderun's Myst |       |     4 |     8 |    20 |    15 ||    47
       Fulminant Prism   |       |       |     5 |    27 |     9 ||    41
       Airstrike         |       |       |    37 |   211 |    72 ||   320
Invok: Curse Item        |       |       |     2 |     1 |     2 ||     5
       Shatter the Chain |       |       |     1 |       |       ||     1
  Use: Scroll            |       |    11 |     1 |       |     2 ||    14
       Potion            |       |       |       |       |     1 ||     1
Armor: Robe              |       |     6 |     3 |       |       ||     9
       Troll leather arm |       |       |       |       |     3 ||     3
Dodge: Dodged            |     2 |    26 |     9 |    32 |     1 ||    70

Table legend: (Time is in decaauts)
 A = Elapsed time spent in this place.
 B = Non-inter-level travel time spent in this place.
 C = Inter-level travel time spent in this place.
 D = Time resting spent in this place.
 E = Time spent auto-exploring this place.
 F = Levels seen in this place.
 G = Mean time per level.
                   A        B        C        D        E       F      G
               +--------+--------+--------+--------+--------+-----+--------+
         Total |  17054 |  16171 |    883 |   2236 |  12407 |  17 | 1003.2 |
       Dungeon |  12788 |  12153 |    635 |   2011 |   9042 |  11 | 1162.5 |
        Temple |    474 |    394 |     80 |      0 |    382 |   1 |  474.0 |
          Lair |   3791 |   3623 |    168 |    225 |   2983 |   5 |  758.2 |
               +--------+--------+--------+--------+--------+-----+--------+

Top non-repeatable levels by time:
     D:5: 1837 daAuts
     D:6: 1678 daAuts
     D:4: 1633 daAuts
     D:7: 1365 daAuts
     D:2: 1153 daAuts
     D:9: 1082 daAuts
  Lair:3: 1027 daAuts
  Lair:1: 992 daAuts
     D:8: 986 daAuts
     D:1: 974 daAuts
     D:3: 956 daAuts
  Lair:2: 909 daAuts
  Lair:4: 828 daAuts
    D:10: 762 daAuts
  Temple: 474 daAuts
